 Dungeon Crawl Stone Soup version 0.29.1-13-g9f3cf754e1 (webtiles) character file.

Game seed: 2023032662212379238

341 flickminster the Ruffian (level 6, -3/58 HPs)
             Began as a Troll Transmuter on Feb 4, 2023.
             Was a Believer of Uskayaw.
             Slain by an iguana (5 damage)
             ... on level 4 of the Dungeon.
             The game lasted 00:26:59 (2080 turns).

flickminster the Ruffian (Troll Transmuter)         Turns: 2080, Time: 00:27:00

Health: -3/58      AC:  8    Str: 19    XL:     6   Next: 30%
Magic:  6/8        EV: 10    Int:  9    God:    Uskayaw [**....]
Gold:   176        SH:  0    Dex: 12    Spells: 8/9 levels left

rFire   . . .      SeeInvis .     - Unarmed
rCold   . . .      Faith    .   (no shield)
rNeg    . . .      Spirit   .   a - +0 robe
rPois   .          Reflect  .   (helmet restricted)
rElec   .          Harm     .   (no cloak)
rCorr   .          Rampage  .   (gloves unavailable)
Will    .....                   (boots unavailable)
Stlth   +.........              (no amulet)
HPRegen 0.99/turn               k - +4 ring of protection
MPRegen 0.11/turn               (no ring)

@: weak-willed
A: large, unfitting armour, claws 3, regeneration 1, shaggy fur 1, tough skin 1
a: Renounce Religion, Stomp, Line Pass


You were on level 4 of the Dungeon.
You worshipped Uskayaw.
Uskayaw was noncommittal.
You visited 1 branch of the dungeon, and saw 4 of its levels.

You collected 176 gold pieces.

Inventory:

Armour
 a - a +0 robe (worn)
 o - a +0 ring mail
Jewellery
 g - an amulet of guardian spirit
 k - a +4 ring of protection (left claw)
Wands
 j - a wand of flame (8)
Scrolls
 b - a scroll of immolation {unknown}
 e - a scroll of enchant weapon {unknown}
 f - 2 scrolls of teleportation
 h - a scroll of magic mapping
 l - a scroll of vulnerability
 m - a scroll of fog {unknown}
 p - a scroll of amnesia {unknown}
Potions
 c - 4 potions of brilliance
 d - 2 potions of might
 i - 3 potions of haste


   Skills:
 + Level 2.3 Fighting
 + Level 2.8 Dodging
 + Level 4.1 Unarmed Combat
 + Level 2.1 Spellcasting
 + Level 2.5 Transmutations


You had 8 spell levels left.
You knew the following spells:

 Your Spells              Type           Power      Damage    Failure   Level
a - Beastly Appendage     Tmut           10%        N/A       12%         1

Your spell library contained the following spells:

 Spells                   Type           Power      Damage    Failure   Level
 Wereblood                Tmut           5%         N/A       19%         2
 Spider Form              Tmut/Pois      3%         N/A       52%         3
 Ignite Poison            Fire/Tmut/Pois 2%         N/A       56%         3
 Call Canine Familiar     Summ           0%         N/A       69%         3
 Dazzling Flash           Conj/Hex       0%         N/A       69%         3
 Frozen Ramparts          Ice            0%         1d1       69%         3
 Mephitic Cloud           Conj/Pois/Air  0%         N/A       69%         3
 Portal Projectile        Hex/Tloc       0%         N/A       69%         3
 Ice Form                 Ice/Tmut       3%         N/A       89%         4
 Iskenderun's Mystic Bla  Conj/Tloc      0%         2d3       97%         4
 Leda's Liquefaction      Hex/Erth       0%         N/A       97%         4
 Summon Ice Beast         Ice/Summ       0%         N/A       97%         4
 Freezing Cloud           Conj/Ice/Air   0%         6-21      100%        5
 Starburst                Conj/Fire      0%         6d3       100%        6


Dungeon Overview and Level Annotations

Branches:
Dungeon (4/15)
 Temple: D:4-7

Altars:
Uskayaw

Shops:
D:1 *


Innate Abilities, Weirdness & Mutations

You are too large for most types of armour.
You have claws for hands.
Your natural rate of healing is unusually fast.
You are covered in fur. (AC +1)
You have tough skin. (AC +1)


Message History

The iguana bites you!
* * * LOW HITPOINT WARNING * * *
The orc priest closely misses you. x2
You feel better. The iguana bites you!
* * * LOW HITPOINT WARNING * * *
The orc priest barely misses you. The orc priest completely misses you.
You barely miss the orc priest.
The orc priest is severely wounded.
Your horns disappear.
Your talons disappear.
The orc priest hits you but does no damage.
The iguana bites you.
* * * LOW HITPOINT WARNING * * *
The orc priest barely misses you.
You feel better.
The orc priest miscasts a cantrip.
The iguana barely misses you.
The orc priest hits you but does no damage.
The orc priest miscasts a cantrip.
You open the door. 3 orcs come into view.
The orc shouts! x3; You hear a bark!
An orc comes into view. It is wielding a +0 whip.
The orc throws a boomerang.
The boomerang closely misses you. The iguana completely misses you.
The orc priest looks encouraged for a moment.
The orc priest calls down the wrath of Beogh upon you.
Beogh smites you!
* * * LOW HITPOINT WARNING * * *
The orc shouts!
Found a stone staircase leading down.
The iguana attacks as you move away!
The iguana bites you but does no damage.
A hound comes into view.
Found a stone staircase leading down.
There is an open door here.
The orc priest attacks as you move away!
The orc priest hits you with a +0 mace.
* * * LOW HITPOINT WARNING * * *
The iguana attacks as you move away! The iguana bites you.
You die...

*,*,* ******* #,#.* *,,...*
**##.#.* *,,...* ***,...#.##*
*,...,* ****,,,.......* *...,,*
***,,,,,,.......######.#,*,******
,,,,,,,,,.......#......#,*.,,,,,*
**,,*,,,,.....oh#l...##≈.≈#*,,,,*
,,,***,,,.....o.@o.).......,,,,,+
,,,,**,,,.....oo#.o..##§.§#*,,,,*
,,,,,*,,,.......#......#,*.,,,,,*
,,,,,***,.....>.######.#,*,******
,,,,,* *,.......* *...,,* ***
,,,,****,.......** *,...,* *,,
,,,,,,,,,.......,*****,,...* **,*
,,,,,***,#######,,,,,*,,...***,,*
,,,,,***,* ******######**,,**


You could see an iguana, a hound, 2 orc priests and 4 orcs.

Vanquished Creatures
  2 orc priests (D:2)
  Crazy Yiuf (D:2)
  A gnoll bouda (D:3)
  An iguana (D:4)
  2 orc wizards
  5 gnolls (D:3)
  An adder (D:3)
  2 worms
  A dart slug (D:2)
  6 orcs
  8 endoplasms
  3 giant cockroaches (D:2)
  4 goblins
  6 hobgoblins
  4 jackals (D:3)
  7 kobolds
  4 quokkas
  9 ball pythons
  5 bats
  6 frilled lizards
  2 rats
80 creatures vanquished.

Notes
Turn   | Place    | Note
-------+----------+-------------------------------------------
     0 | D:1      | flickminster the Troll Transmuter began the quest for the
                  | Orb.
     0 | D:1      | Reached XP level 1. HP: 18/18 MP: 1/1
   100 | D:1      | Reached skill level 1 in Fighting
   105 | D:1      | Reached XP level 2. HP: 27/27 MP: 3/3
   381 | D:1      | Found Geockuc's Assorted Antiques.
   656 | D:2      | Reached XP level 3. HP: 33/33 MP: 2/4
   753 | D:2      | Reached XP level 4. HP: 20/41 MP: 5/5
  1182 | D:2      | Found a runed translucent door.
  1183 | D:2      | Noticed Crazy Yiuf
  1190 | D:2      | Killed Crazy Yiuf
  1191 | D:2      | Reached XP level 5. HP: 49/49 MP: 4/6
  1711 | D:3      | Reached skill level 4 in Unarmed Combat
  1711 | D:3      | Reached XP level 6. HP: 54/57 MP: 6/8
  1790 | D:3      | Found a hide-covered altar of Uskayaw.
  1802 | D:3      | Became a worshipper of Uskayaw the Reveller
  2024 | D:4      | Reached * piety under Uskayaw
  2032 | D:4      | Reached ** piety under Uskayaw
  2078 | D:4      | HP: 2/58 [orc priest/divine providence (14)]
  2080 | D:4      | Slain by an iguana

Illustrated notes

Levels and vault maps discovered:
D:1:      lemuel_arrival_rhombus, layout_rooms, serial_shops,
          nicolae_shop_waterfront
D:2:      cheibrodos_pilgrimage, layout_loops_ring, uniq_crazy_yiuf_cottage
D:3:      layout_rooms, mainiacjoe_overflow_surrounded_room,
          serial_co_window_serial, co_window_of_opportunity_a,
          co_window_paths_a, co_window_paths_a, co_window_paths_b,
          co_window_paths_b, co_window_broadway_a, co_window_of_opportunity_c,
          co_window_broadway_a, co_window_2corner, glass_columns_c,
          glass_columns_a, glass_columns_a
D:4:      layout_rooms, zin_treasury, serial_shops, shop_fountains,
          nicolae_ossuary_entry_giza, kennysheep_minor_cross

Skill      XL: |  1  2  3  4  5 |
---------------+----------------+-----
Fighting       | 1 2 |  2.3
Dodging        | 2 |  2.8
Transmutations | 2 |  2.5
Spellcasting   | 2 |  2.1
Unarmed Combat | 4 |  4.1

Action                   |  1- 3 |  4- 6 || total
-------------------------+-------+-------++-------
Melee: Unarmed           |    66 |   110 ||   176
       Kick              |     5 |    16 ||    21
       Punch             |     2 |     1 ||     3
       Headbutt          |     1 |     7 ||     8
Throw: Throwing net      |     1 |       ||     1
 Cast: Beastly Appendage |     6 |     9 ||    15
Invok: Stomp             |       |     2 ||     2
  Use: Scroll            |     4 |     4 ||     8
       Potion            |     1 |     3 ||     4
 Stab: Sleeping          |       |     1 ||     1
Armor: Robe              |    20 |    49 ||    69
       Skin              |     7 |     7 ||    14
Dodge: Dodged            |    29 |    64 ||    93
